[Event "Titled Tuesday Blitz January 03 Early 2023"]
[White "Mazibuko, Khanya"]
[Black "Mihajlov, Sebastian"]
[WhiteFideId "14321041"]
[BlackFideId "1512110"]
[WhiteElo "1913"]
[BlackElo "2373"]
[Result "0-1"]
[Round "03"]
[TimeControl "180+2"]
[Date "2023.01.03"]
[WhiteClock "0:00:10"]
[BlackClock "0:00:10"]

1. e4 g6 2. d4 Bg7 3. Nc3 d6 4. Bf4 a6 5. Nf3 b5 6. Bd3 Bb7 7. O-O e6 8. Qd2 c5 9. dxc5 dxc5 10. e5 Bxf3 11. gxf3 Nc6 12. Qe3 Nd4 13. Ne4 Ne7 14. Nd6+ Kf8 15. c3 Nd5 16. Qe4 Nf5 17. Rad1 c4 18. Bc2 Rb8 19. Bg3 h5 20. Nxf5 gxf5 21. Qd4 h4 22. Bf4 Qc7 23. Rfe1 Rh5 24. Bc1 Kg8 25. Kh1 Rd8 26. f4 Qc6 27. f3 Bf8 28. Qg1+ Kh8 29. Qg2 Bh6 30. Rg1 Qa8 31. Qh3 Rg8 32. Rxg8+ Qxg8 33. Rg1 Qf8 34. Rg5 Bxg5 35. fxg5 Qc5 36. f4 Qf2 37. Bd1 Qe1+ 0-1


[Site "https://www.chess.com"]

[Event "Titled Tuesday Blitz January 03 Early 2023"]
[White "Graca, Robert"]
[Black "Zanette, Edgard Vinicius"]
[WhiteFideId "644943"]
[BlackFideId "2109263"]
[WhiteElo "2270"]
[BlackElo "2085"]
[Result "1-0"]
[Round "03"]
[TimeControl "180+2"]
[Date "2023.01.03"]
[WhiteClock "0:01:52"]
[BlackClock "0:01:32"]

1. Nf3 Nf6 2. c4 e6 3. Nc3 d5 4. d4 Bb4 5. Bg5 O-O 6. e3 c5 7. cxd5 exd5 8. Bd3 Nc6 9. O-O cxd4 10. Nxd4 Nxd4 11. exd4 Be6 12. Rc1 Be7 13. Re1 Rc8 14. h3 h6 15. Bh4 a6 16. Bb1 Re8 17. Qd3 g6 18. Rxe6 Rxc3 19. bxc3 g5 20. Rxe7 Qxe7 21. Bg3 b5 22. Be5 1-0


[Site "https://www.chess.com"]

[Event "Titled Tuesday Blitz January 03 Early 2023"]
[White "Prudnykova, Olga"]
[Black "Sadykov, Ramil"]
[WhiteFideId "14121093"]
[BlackFideId "24113590"]
[WhiteElo "2268"]
[BlackElo "2345"]
[Result "0-1"]
[Round "03"]
[TimeControl "180+2"]
[Date "2023.01.03"]
[WhiteClock "0:00:25"]
[BlackClock "0:00:08"]

1. e4 c5 2. Nf3 Nc6 3. Nc3 Nf6 4. e5 Ng4 5. Qe2 Qc7 6. d4 cxd4 7. Nb5 Qb6 8. h3 d3 9. cxd3 Qxb5 10. hxg4 d6 11. exd6 Bxg4 12. Bf4 Qb4+ 13. Qd2 Bxf3 14. gxf3 exd6 15. O-O-O Qxd2+ 16. Rxd2 Nd4 17. Bh3 Nxf3 18. Re2+ Kd8 19. Re4 d5 20. Ra4 Bc5 21. Bg4 Nd4 22. Be3 Ne6 23. Bxc5 Nxc5 24. Rd4 Kc7 25. Rxd5 Kc6 26. Rd4 g6 27. Bf3+ Kb6 28. Rd1 Rac8 29. Kb1 Rhd8 30. Rxd8 Rxd8 31. d4 Ne6 32. d5 Ng5 33. Bg2 f5 34. Re1 Rd7 35. Kc2 Nf7 36. Kd3 Kc5 37. Rc1+ Kd6 38. Kd4 Rc7 39. Re1 Re7 40. Re6+ Rxe6 41. dxe6 Nd8 42. Bd5 b6 43. b4 Nxe6+ 44. Kc4 b5+ 45. Kxb5 Kxd5 46. Ka6 Kc4 47. b5 Nc7+ 48. Kxa7 Nxb5+ 49. Kb6 Nc3 50. Kc6 Nxa2 51. Kd6 Nc3 52. Ke6 Ne4 53. Kf7 Nxf2 54. Kg7 f4 55. Kxh7 Nd3 56. Kxg6 f3 57. Kg5 f2 0-1


[Site "https://www.chess.com"]

[Event "Titled Tuesday Blitz January 03 Early 2023"]
[White "Mostbauer, Maximilian"]
[Black "Rosenberg, Evan S"]
[WhiteFideId "1626680"]
[BlackFideId "2019299"]
[WhiteElo "2167"]
[BlackElo "1956"]
[Result "1-0"]
[Round "03"]
[TimeControl "180+2"]
[Date "2023.01.03"]
[WhiteClock "0:00:33"]
[BlackClock "0:00:01"]

1. d4 d5 2. Nf3 Bf5 3. g3 e6 4. Bg2 Nf6 5. O-O h6 6. b3 c6 7. Bb2 Nbd7 8. Nbd2 Be7 9. c4 O-O 10. Ne5 Nxe5 11. dxe5 Nd7 12. e4 dxe4 13. Nxe4 Bxe4 14. Bxe4 Nc5 15. Bc2 Qc7 16. Qe2 Rad8 17. Rfd1 Rxd1+ 18. Rxd1 Rd8 19. Kg2 Rxd1 20. Qxd1 Qd8 21. Qxd8+ Bxd8 22. f4 g5 23. Bd4 Bb6 24. fxg5 hxg5 25. Be3 Nd7 26. Bxg5 Nxe5 27. h4 f5 28. Bd1 Kg7 29. Be7 a5 30. Bd6 Nf7 31. Bf4 e5 32. Bd2 Kf6 33. g4 f4 34. Kf3 Nd6 35. Bc2 a4 36. g5+ Kg7 37. h5 axb3 38. axb3 Bd4 39. h6+ Kh8 40. g6 Ne8 41. Kg4 Nf6+ 42. Kf5 Nh5 43. Ke6 f3 44. Kf7 e4 45. Bxe4 f2 46. Bd3 c5 47. Be3 f1=Q+ 48. Bxf1 Bxe3 49. g7+ 1-0


[Site "https://www.chess.com"]

[Event "Titled Tuesday Blitz January 03 Early 2023"]
[White "Viskelis, Darius"]
[Black "Hirneise, Jens"]
[WhiteFideId "12800830"]
[BlackFideId "24614734"]
[WhiteElo "2166"]
[BlackElo "2277"]
[Result "0-1"]
[Round "03"]
[TimeControl "180+2"]
[Date "2023.01.03"]
[WhiteClock "0:00:01"]
[BlackClock "0:00:52"]

1. e4 c6 2. d4 d5 3. exd5 Qxd5 4. c4 Qd8 5. Nc3 g6 6. Be3 Nf6 7. Nf3 Bg7 8. h3 O-O 9. Be2 Bf5 10. O-O Ne4 11. Nxe4 Bxe4 12. Qd2 Nd7 13. Bh6 Bxf3 14. Bxf3 Bxh6 15. Qxh6 Nb6 16. c5 Nd5 17. Rfe1 e6 18. Re4 Qf6 19. a3 Rfd8 20. Re5 Ne7 21. Rd1 Rd7 22. Rh5 Qg7 23. Qxg7+ Kxg7 24. Re5 Rad8 25. Re4 Nf5 26. b4 Nxd4 27. Rd3 Ne2+ 28. Bxe2 Rxd3 29. Bxd3 Rxd3 30. a4 Kf6 31. Kf1 e5 32. Rc4 Rd4 33. Rxd4 exd4 34. Ke2 Ke5 35. Kd3 Kd5 36. f4 f5 37. g4 h6 38. gxf5 gxf5 39. h4 h5 40. a5 a6 0-1


[Site "https://www.chess.com"]

[Event "Titled Tuesday Blitz January 03 Early 2023"]
[White "Seemann, Jakub"]
[Black "Zaksaite, Salomeja"]
[WhiteFideId "21874697"]
[BlackFideId "12801496"]
[WhiteElo "2446"]
[BlackElo "2283"]
[Result "0-1"]
[Round "03"]
[TimeControl "180+2"]
[Date "2023.01.03"]
[WhiteClock "0:00:04"]
[BlackClock "0:01:01"]

1. b3 e5 2. Bb2 d6 3. e3 f5 4. Nf3 Nf6 5. d4 e4 6. Nfd2 Be7 7. c4 O-O 8. d5 Nbd7 9. Be2 Ne5 10. O-O a5 11. Nc3 Bd7 12. f4 exf3 13. Nxf3 Qe8 14. Qd2 Qg6 15. Rae1 Rae8 16. Nxe5 dxe5 17. e4 Bc5+ 18. Kh1 fxe4 19. Nd1 e3 20. Qd3 Ne4 21. Kg1 Bh3 22. g3 Bxf1 23. Rxf1 Rxf1+ 24. Kxf1 Nxg3+ 25. Ke1 e4 26. Qc3 Bb4 0-1


[Site "https://www.chess.com"]

[Event "Titled Tuesday Blitz January 03 Early 2023"]
[White "Pein, Malcolm"]
[Black "Iskusnyh, Sergei"]
[WhiteFideId "400289"]
[BlackFideId "4120027"]
[WhiteElo "2305"]
[BlackElo "2440"]
[Result "0-1"]
[Round "03"]
[TimeControl "180+2"]
[Date "2023.01.03"]
[WhiteClock "0:00:19"]
[BlackClock "0:01:24"]

1. d4 d5 2. c4 c6 3. Nf3 Nf6 4. e3 a6 5. Nc3 e6 6. Qc2 c5 7. cxd5 exd5 8. dxc5 Bxc5 9. Be2 O-O 10. O-O Nc6 11. Rd1 Ba7 12. Qb3 Be6 13. Qxb7 Na5 14. Qb4 Rb8 15. Qh4 Qc7 16. Bxa6 Nc6 17. Be2 Rb4 18. Qg3 Qb6 19. b3 Bb8 20. Qg5 Rg4 21. Na4 Qa7 0-1


[Site "https://www.chess.com"]

[Event "Titled Tuesday Blitz January 03 Early 2023"]
[White "Ankerst, Mihael"]
[Black "Ehlvest, Jaan"]
[WhiteFideId "14602369"]
[BlackFideId "4500016"]
[WhiteElo "2370"]
[BlackElo "2530"]
[Result "0-1"]
[Round "03"]
[TimeControl "180+2"]
[Date "2023.01.03"]
[WhiteClock "0:00:15"]
[BlackClock "0:01:17"]

1. e4 e6 2. d4 c5 3. d5 exd5 4. exd5 d6 5. c4 Be7 6. Nc3 Nf6 7. h3 O-O 8. Nf3 a6 9. a4 Re8 10. Bd3 Nbd7 11. O-O g6 12. Bf4 Nh5 13. Bh2 f5 14. g4 fxg4 15. hxg4 Ng7 16. Qd2 Nf6 17. g5 Ng4 18. Bg3 Rf8 19. Kg2 Nh5 20. Rae1 Rf7 21. Ne4 Bf5 22. Nc3 Qd7 23. Bxf5 Qxf5 24. Nh4 Qxg5 25. Qxg5 Bxg5 26. Nf3 Bf4 27. Re6 Nxg3 28. fxg3 Ne3+ 29. Rxe3 Bxe3 30. Ne4 Rd8 31. Re1 Bh6 32. Nfg5 Bxg5 33. Nxg5 Rf5 34. Ne6 Re8 35. a5 Re5 36. Rxe5 dxe5 37. Kf3 Rxe6 38. dxe6 Kf8 39. Ke4 Ke7 40. Kxe5 h5 41. b3 g5 42. Kf5 h4 43. gxh4 gxh4 44. Kg4 Kxe6 45. Kxh4 Kf5 46. Kg3 Ke4 47. Kg4 Kd4 48. Kf5 Kc3 49. Ke5 Kxb3 50. Kd6 Kxc4 51. Kc7 Kb4 52. Kb6 c4 53. Kxb7 Kxa5 0-1


[Site "https://www.chess.com"]

[Event "Titled Tuesday Blitz January 03 Early 2023"]
[White "Cappelletto, Joshuaede"]
[Black "Lopez Del Alamo, Antonio"]
[WhiteFideId "2824383"]
[BlackFideId "2227339"]
[WhiteElo "2266"]
[BlackElo "2280"]
[Result "0-1"]
[Round "03"]
[TimeControl "180+2"]
[Date "2023.01.03"]
[WhiteClock "0:01:09"]
[BlackClock "0:00:36"]

1. c4 Nf6 2. Nc3 g6 3. e4 d6 4. d4 Bg7 5. f3 O-O 6. Be3 b6 7. Qd2 c5 8. Nge2 Re8 9. O-O-O Nbd7 10. Kb1 a6 11. g4 Bb7 12. g5 Nh5 13. Ng3 Nxg3 14. hxg3 Qc7 15. Qh2 Nf8 16. f4 cxd4 17. Bxd4 Bxd4 18. Rxd4 b5 19. cxb5 axb5 20. Bxb5 Reb8 21. Bc4 Ba6 22. Bb3 Qb6 23. Qd2 Bb7 24. Nd5 Bxd5 25. Rxd5 Qa6 26. f5 Rxb3 27. axb3 Qa1+ 28. Kc2 Qxh1 29. Kd3 Rc8 30. b4 Rc1 31. Ke3 Re1+ 32. Kf4 Qxe4# 0-1


[Site "https://www.chess.com"]

[Event "Titled Tuesday Blitz January 03 Early 2023"]
[White "Martin, Lewis"]
[Black "Manukyan, Artyom"]
[WhiteFideId "410551"]
[BlackFideId "13305786"]
[WhiteElo "2135"]
[BlackElo "2110"]
[Result "0-1"]
[Round "03"]
[TimeControl "180+2"]
[Date "2023.01.03"]
[WhiteClock "0:00:12"]
[BlackClock "0:00:19"]

1. e4 c5 2. Nf3 d6 3. d4 cxd4 4. Nxd4 Nf6 5. Nc3 g6 6. g3 Bg7 7. Bg2 Nc6 8. Nde2 O-O 9. O-O Rb8 10. h3 b5 11. a3 a5 12. Be3 Be6 13. Qd2 Ne5 14. b3 Nc6 15. Rac1 Qd7 16. g4 Rfc8 17. f4 b4 18. axb4 axb4 19. Na4 Qc7 20. f5 Bd7 21. g5 Nh5 22. Bf3 Ne5 23. Bxh5 gxh5 24. Nf4 h4 25. Nd5 Qd8 26. f6 exf6 27. gxf6 Bf8 28. Qg2+ Ng6 29. Nab6 Rc6 30. Nc4 Be6 31. Bg5 Qd7 32. Rf3 Re8 33. Nce3 Qc8 34. Bxh4 Bxd5 35. Nxd5 Rxe4 36. Bf2 Qe6 37. Nf4 Qe5 38. Nd3 Qe8 39. h4 h5 40. Rg3 Bh6 41. Nxb4 Rxb4 42. Re1 Qf8 43. Rxg6+ fxg6 44. Qxg6+ Kh8 45. Qxh5 Rc8 46. Be3 Kh7 47. Qf5+ Kh8 48. Qh5 Kh7 49. Kh2 Qxf6 50. Rg1 Qe5+ 51. Qxe5 dxe5 52. Bxh6 Kxh6 53. Rg2 Rxh4+ 54. Kg3 Rh5 55. Kf3 Rf5+ 0-1


[Site "https://www.chess.com"]

[Event "Titled Tuesday Blitz January 03 Early 2023"]
[White "Koridze, Lile"]
[Black "Sielecki, Christof"]
[WhiteFideId "13612514"]
[BlackFideId "4620437"]
[WhiteElo "2191"]
[BlackElo "2419"]
[Result "0-1"]
[Round "03"]
[TimeControl "180+2"]
[Date "2023.01.03"]
[WhiteClock "0:01:53"]
[BlackClock "0:00:52"]

1. d4 Nf6 2. c4 e6 3. Nf3 d5 4. g3 dxc4 5. Bg2 c5 6. O-O Nc6 7. dxc5 Qxd1 8. Rxd1 Bxc5 9. Na3 Na5 10. Ne5 Bxa3 11. bxa3 Nd7 12. Nxd7 Bxd7 13. Bd2 Nc6 14. Bb4 Nxb4 15. axb4 Ke7 16. a4 Rab8 17. b5 Rhc8 18. Rdc1 e5 19. Bd5 Be6 20. Be4 f5 21. Bb1 a6 22. Ra3 axb5 23. axb5 Rc5 24. b6 Rc6 25. Ba2 Rxb6 26. Bxc4 Rc6 27. Rac3 Rbc8 0-1


[Site "https://www.chess.com"]

[Event "Titled Tuesday Blitz January 03 Early 2023"]
[White "gshwbedhkhd"]
[Black "Tsotsonava, Elene"]
[BlackFideId "13615939"]
[WhiteElo "2529"]
[BlackElo "2053"]
[Result "0-1"]
[Round "03"]
[TimeControl "180+2"]
[Date "2023.01.03"]
[WhiteClock "0:00:10"]
[BlackClock "0:00:14"]

1. e4 e5 2. Nf3 Nc6 3. Nc3 d6 4. d4 Bg4 5. dxe5 dxe5 6. Bd3 Nd4 7. Be3 Bxf3 8. gxf3 Bb4 9. a3 Bxc3+ 10. bxc3 Ne6 11. Rb1 Qc8 12. Bc4 Ne7 13. Bd5 c6 14. Bxe6 Qxe6 15. Rxb7 O-O 16. Bc5 Rfd8 17. Qe2 Ng6 18. Be3 Qa2 19. O-O h6 20. Kh1 Rab8 21. Rxa7 Rb2 22. Qa6 Qe6 23. Qe2 Qh3 24. Rg1 Nh4 25. Qc4 Qxf3+ 26. Rg2 Qxg2# 0-1


[Site "https://www.chess.com"]

[Event "Titled Tuesday Blitz January 03 Early 2023"]
[White "Ezat, Mohamed"]
[Black "Barbot, Pierre"]
[WhiteFideId "10600906"]
[BlackFideId "663727"]
[WhiteElo "2402"]
[BlackElo "2458"]
[Result "0-1"]
[Round "03"]
[TimeControl "180+2"]
[Date "2023.01.03"]
[WhiteClock "0:00:10"]
[BlackClock "0:00:02"]

1. d4 Nf6 2. c4 g6 3. Nc3 d5 4. Bf4 Bg7 5. e3 c5 6. dxc5 Qa5 7. Rc1 Ne4 8. Ne2 Na6 9. cxd5 Naxc5 10. Nd4 Nxc3 11. bxc3 O-O 12. Bc4 Bd7 13. O-O Rac8 14. Nb3 Nxb3 15. Bxb3 Rxc3 16. Rxc3 Qxc3 17. Bg5 Bf6 18. Bxf6 Qxf6 19. Qc1 Rc8 20. Qa3 a6 21. Qb4 b5 22. h3 Bf5 23. Rd1 Qd6 24. Qd4 Bd7 25. e4 a5 26. e5 Qc5 27. Qxc5 Rxc5 28. e6 fxe6 29. d6 exd6 30. Rxd6 Rc7 0-1


[Site "https://www.chess.com"]

[Event "Titled Tuesday Blitz January 03 Early 2023"]
[White "Aggelis, Nikolaos"]
[Black "Ciuffoletti, Paolo"]
[WhiteFideId "4213220"]
[BlackFideId "807630"]
[WhiteElo "2270"]
[BlackElo "2106"]
[Result "1-0"]
[Round "03"]
[TimeControl "180+2"]
[Date "2023.01.03"]
[WhiteClock "0:01:15"]
[BlackClock "0:00:25"]

1. Nf3 d5 2. g3 Nf6 3. Bg2 g6 4. O-O Bg7 5. d4 O-O 6. b3 c5 7. Bb2 Ne4 8. Nbd2 Nc6 9. e3 Qa5 10. Nxe4 dxe4 11. Nd2 f5 12. Nc4 Qc7 13. d5 Ne5 14. Nxe5 Bxe5 15. Bxe5 Qxe5 16. c4 b5 17. Qe2 b4 18. f3 Ba6 19. fxe4 fxe4 20. Qg4 Rae8 21. Qxe4 Qxe4 22. Bxe4 Bb7 23. Bg2 e6 24. Rxf8+ Kxf8 25. Rf1+ Ke7 26. e4 Kd6 27. Rf7 Re7 28. e5+ Kd7 29. Rxe7+ Kxe7 30. d6+ 1-0


[Site "https://www.chess.com"]

[Event "Titled Tuesday Blitz January 03 Early 2023"]
[White "Kuchava, Ana"]
[Black "Koutlas, Nikolaos"]
[WhiteFideId "13605348"]
[BlackFideId "25827138"]
[WhiteElo "2101"]
[BlackElo "2341"]
[Result "0-1"]
[Round "03"]
[TimeControl "180+2"]
[Date "2023.01.03"]
[WhiteClock "0:00:01"]
[BlackClock "0:00:15"]

1. d4 a6 2. e4 g6 3. c4 Bg7 4. Nc3 b5 5. cxb5 axb5 6. Bxb5 Bb7 7. Nf3 Nf6 8. Bd3 d6 9. O-O O-O 10. Re1 Nfd7 11. Bf4 c5 12. d5 Na6 13. a3 Qb6 14. Qc2 Rfb8 15. Rab1 Qa5 16. e5 c4 17. Bxc4 Rc8 18. Qe2 Nb6 19. Ba2 Nxd5 20. Nxd5 Bxd5 21. Bxd5 Qxd5 22. exd6 exd6 23. Red1 Qa2 24. Bxd6 Rc6 25. Be5 Re6 26. Qe4 Rae8 27. Qa4 Nc5 28. Qa5 Nb3 29. Qd5 Bxe5 30. Nxe5 Rxe5 31. Qc4 Qxb1 32. Rxb1 Nd2 33. Qa4 Re1+ 0-1


[Site "https://www.chess.com"]

[Event "Titled Tuesday Blitz January 03 Early 2023"]
[White "Aghasiyev, Kamal"]
[Black "De Souza Sa, Apolo"]
[WhiteFideId "13402854"]
[BlackFideId "324225390"]
[WhiteElo "2441"]
[BlackElo "1929"]
[Result "1-0"]
[Round "03"]
[TimeControl "180+2"]
[Date "2023.01.03"]
[WhiteClock "0:00:30"]
[BlackClock "0:00:14"]

1. d4 Nf6 2. c4 g6 3. Nc3 d5 4. cxd5 Nxd5 5. e4 Nxc3 6. bxc3 Bg7 7. Nf3 c5 8. Be3 Qa5 9. Qd2 Nc6 10. Rb1 O-O 11. Rb5 cxd4 12. Rxa5 dxe3 13. Qxe3 Nxa5 14. Nd4 b6 15. Be2 e5 16. Nb3 Nxb3 17. axb3 Be6 18. b4 a5 19. O-O axb4 20. cxb4 Rfd8 21. Qxb6 Rd4 22. b5 Bf8 23. h3 Bd6 24. Rd1 Rb8 25. Qa5 Bb4 26. Qa1 Rxe4 27. Bf1 f6 28. Qa7 Rc8 29. Qa6 Kf7 30. Qb7+ Kg8 31. Qxe4 1-0


[Site "https://www.chess.com"]

[Event "Titled Tuesday Blitz January 03 Early 2023"]
[White "Bodnaruk, Anastasia"]
[Black "Corredor Castellanos, Camilo"]
[WhiteFideId "4181751"]
[BlackFideId "4425871"]
[WhiteElo "2350"]
[BlackElo "1957"]
[Result "1-0"]
[Round "03"]
[TimeControl "180+2"]
[Date "2023.01.03"]
[WhiteClock "0:00:10"]
[BlackClock "0:00:26"]

1. e4 c5 2. Nc3 a6 3. g3 b5 4. Bg2 Bb7 5. Nge2 e6 6. d4 cxd4 7. Nxd4 d6 8. O-O Be7 9. Re1 b4 10. Nd5 exd5 11. exd5 Kf8 12. Qe2 g6 13. Bf4 a5 14. Nc6 Bxc6 15. dxc6 Qc7 16. Qe4 g5 17. Qd4 gxf4 18. Qxh8 Bf6 19. Re8+ Kxe8 20. Qxg8+ Ke7 21. Bd5 Nxc6 22. Qxa8 Nd4 23. Re1+ Ne6 24. Qg8 fxg3 25. Bxe6 gxf2+ 26. Kxf2 Qxc2+ 27. Re2 Bh4+ 28. Ke3 Qc5+ 29. Kd3 Qb5+ 30. Bc4+ 1-0


[Site "https://www.chess.com"]

[Event "Titled Tuesday Blitz January 03 Early 2023"]
[White "Blokhin, Sofia"]
[Black "Mendez Fortes, Eduardo Jesus"]
[WhiteFideId "4508190"]
[BlackFideId "3502376"]
[WhiteElo "2062"]
[BlackElo "2250"]
[Result "0-1"]
[Round "03"]
[TimeControl "180+2"]
[Date "2023.01.03"]
[WhiteClock "0:00:01"]
[BlackClock "0:00:51"]

1. d4 Nf6 2. c4 e6 3. Nc3 Bb4 4. f3 c5 5. a3 Bxc3+ 6. bxc3 d6 7. e4 b6 8. Be3 Nc6 9. Bd3 Na5 10. Ne2 Ba6 11. e5 dxe5 12. dxe5 Nd7 13. Be4 Rc8 14. f4 Bxc4 15. O-O Qc7 16. Rf3 g6 17. h4 h5 18. Rg3 Rd8 19. Qe1 Nb8 20. Nc1 Nbc6 21. Rg5 Bd5 22. Bc2 Nc4 23. Bf2 Qe7 24. Ba4 a6 25. Nd3 Rd7 26. Rb1 Kd8 27. g4 Kc7 28. gxh5 Rxh5 29. Bb3 Rd8 30. Bxc4 Bxc4 31. Nb2 Bd3 32. Nxd3 Rxd3 33. Qe2 Rxg5+ 34. hxg5 Qd7 35. a4 Qd5 36. a5 Nxa5 37. Rb2 Nc4 38. Ra2 Kb7 0-1


[Site "https://www.chess.com"]

[Event "Titled Tuesday Blitz January 03 Early 2023"]
[White "Hnydiuk, Aleksander"]
[Black "Ardila, Oscar Humberto"]
[WhiteFideId "1109057"]
[BlackFideId "4404742"]
[WhiteElo "2363"]
[BlackElo "1982"]
[Result "1-0"]
[Round "03"]
[TimeControl "180+2"]
[Date "2023.01.03"]
[WhiteClock "0:00:36"]
[BlackClock "0:00:52"]

1. e4 e5 2. Nf3 Nf6 3. Nc3 Nc6 4. d4 exd4 5. Nxd4 Bb4 6. Nxc6 bxc6 7. Bd3 d5 8. exd5 cxd5 9. Qe2+ Qe7 10. Qxe7+ Bxe7 11. Bb5+ Bd7 12. Bxd7+ Kxd7 13. Bg5 c6 14. O-O-O h6 15. Bxf6 Bxf6 16. Ne4 Be7 17. c4 f5 18. Nc3 Bg5+ 19. Kc2 Rac8 20. cxd5 Ke7 21. Rhe1+ Kf7 22. dxc6 Rxc6 23. Rd7+ Kg6 24. Rxa7 Bf6 25. Re3 f4 26. Rd3 Re8 27. Kd2 Rce6 28. a4 Bxc3+ 29. Kxc3 Re2 30. Rd2 Rc8+ 31. Kd3 Re6 32. Rd7 Ra8 33. Rd4 Kf5 34. Re2 Rea6 35. b3 Rb6 36. Kc3 Rc8+ 37. Rc4 Rcb8 38. b4 g5 39. b5 Ra8 40. Kb4 Rd6 41. a5 Rd1 42. Rb2 Ke5 43. b6 Kd6 44. b7 Rb8 45. a6 Ra1 46. Kb5 Kd5 47. Rc8 1-0


[Site "https://www.chess.com"]

[Event "Titled Tuesday Blitz January 03 Early 2023"]
[White "Danielyan, Vahe"]
[Black "Sailer, Mike"]
[WhiteFideId "13304828"]
[BlackFideId "2012901"]
[WhiteElo "2346"]
[BlackElo "2109"]
[Result "1-0"]
[Round "03"]
[TimeControl "180+2"]
[Date "2023.01.03"]
[WhiteClock "0:02:11"]
[BlackClock "0:00:13"]

1. d4 d5 2. c4 Bf5 3. Nc3 e6 4. Nf3 Nc6 5. Bf4 Nf6 6. e3 Bb4 7. Bd3 Ne4 8. Rc1 O-O 9. O-O Bxc3 10. bxc3 Na5 11. cxd5 exd5 12. c4 dxc4 13. Bb1 b5 14. Ne5 f6 15. Nf3 Bg6 16. Nh4 Re8 17. Nxg6 hxg6 18. Qc2 f5 19. Rfd1 Nb7 20. f3 Nf6 21. e4 fxe4 22. fxe4 Nxe4 23. Be5 Nbd6 24. Re1 Qh4 25. Rxe4 Nxe4 26. Qxe4 Qxe4 27. Bxe4 Rad8 28. Bc6 Rxe5 29. dxe5 a6 30. e6 Kf8 31. Bd7 Ke7 32. a4 Rb8 33. axb5 axb5 34. Kf2 Kd6 35. Ke3 1-0


[Site "https://www.chess.com"]

[Event "Titled Tuesday Blitz January 03 Early 2023"]
[White "Fabris, Alberto"]
[Black "Ronka, Erik"]
[WhiteFideId "801348"]
[BlackFideId "505080"]
[WhiteElo "2230"]
[BlackElo "2276"]
[Result "0-1"]
[Round "03"]
[TimeControl "180+2"]
[Date "2023.01.03"]
[WhiteClock "0:00:01"]
[BlackClock "0:00:10"]

1. e4 c5 2. Nf3 b6 3. d4 cxd4 4. Nxd4 Bb7 5. Nc3 a6 6. Be2 e6 7. O-O Qc7 8. Be3 Nf6 9. f3 Be7 10. Kh1 O-O 11. Qd2 b5 12. a3 d5 13. exd5 Nxd5 14. Nxd5 Bxd5 15. Bd3 Nd7 16. c3 Ne5 17. Bf4 Bd6 18. Rae1 Nxd3 19. Bxd6 Qxd6 20. Qxd3 Bc4 21. Qe3 Bxf1 22. Rxf1 Rad8 23. f4 Rfe8 24. Re1 Qd5 25. h3 h6 26. Qg3 a5 27. b4 axb4 28. axb4 Qc4 29. Kh2 Rc8 30. Re3 Qd5 31. Qe1 Qd6 32. Nxb5 Qxf4+ 33. Qg3 Qxg3+ 34. Kxg3 Red8 35. Nd4 e5 36. Nf5 Rc4 37. Kf3 f6 38. Ke2 Kf7 39. Ng3 Ke6 40. Ne4 Rdc8 41. Nc5+ R8xc5 42. bxc5 Rxc5 43. Kd3 Kd5 44. g4 g6 45. Rg3 f5 46. gxf5 gxf5 47. Rg6 e4+ 48. Kd2 Rc6 49. c4+ Rxc4 50. Rxh6 Ke5 51. Rh8 Ra4 52. h4 Ra2+ 53. Kc3 f4 54. h5 Ra3+ 55. Kd2 Rh3 56. h6 Kf5 57. h7 e3+ 58. Kd3 Kg4 59. Rg8+ Kf3 60. h8=Q Rxh8 61. Rxh8 Kf2 62. Re8 Kf1 63. Re4 f3 0-1


[Site "https://www.chess.com"]

[Event "Titled Tuesday Blitz January 03 Early 2023"]
[White "Slade, Theodore"]
[Black "Suduvasachmatai"]
[WhiteFideId "426547"]
[WhiteElo "1995"]
[BlackElo "2107"]
[Result "1-0"]
[Round "03"]
[TimeControl "180+2"]
[Date "2023.01.03"]
[WhiteClock "0:01:56"]
[BlackClock "0:01:18"]

1. d4 d5 2. c4 e6 3. Nf3 c5 4. cxd5 cxd4 5. dxe6 Bxe6 6. Qxd4 Qc8 7. Nc3 Nc6 8. Qa4 Bc5 9. e3 Ne7 10. Bc4 O-O 11. O-O Ng6 12. Bd2 Nce5 13. Nxe5 Nxe5 14. Bxe6 Qxe6 15. Ne4 Bb6 16. Rfd1 Rad8 17. Bc3 f5 18. Ng5 Qf6 19. Qb3+ Kh8 20. Rxd8 Qxd8 21. Ne6 1-0


[Site "https://www.chess.com"]

[Event "Titled Tuesday Blitz January 03 Early 2023"]
[White "Cardozo Munar, Carlos Eduardo"]
[Black "Patrascu, Catalin-Lucian"]
[WhiteFideId "4409477"]
[BlackFideId "1229052"]
[WhiteElo "2043"]
[BlackElo "2279"]
[Result "0-1"]
[Round "03"]
[TimeControl "180+2"]
[Date "2023.01.03"]
[WhiteClock "0:00:11"]
[BlackClock "0:00:05"]

1. d4 Nf6 2. Bg5 Ne4 3. h4 c5 4. d5 Qb6 5. Nd2 Nxd2 6. Bxd2 d6 7. Rb1 h5 8. Nf3 g6 9. e4 Bg7 10. c3 Bg4 11. Be2 Nd7 12. O-O O-O 13. Ng5 Bxe2 14. Qxe2 Ne5 15. c4 Rab8 16. b3 Qa6 17. Bc3 b5 18. Bxe5 Bxe5 19. cxb5 Qxb5 20. Qxb5 Rxb5 21. Nf3 Bf6 22. Rfc1 Rfb8 23. Rc4 Rb4 24. Nd2 Bxh4 25. a3 R4b7 26. Ra4 Bg5 27. Nc4 Rxb3 28. Rxb3 Rb4 29. Rxa7 Rxb3 30. g3 Rb1+ 31. Kg2 Rc1 32. Ra4 h4 33. f4 Bh6 34. e5 Rc3 35. gxh4 Bxf4 36. exd6 exd6 37. Nb6 Be5 38. Ra8+ Kg7 39. a4 c4 40. a5 Rc2+ 41. Kf3 c3 42. a6 Ra2 43. a7 Bd4 44. Rc8 Bxb6 45. a8=Q Rxa8 46. Rxa8 Bc5 47. Ra1 f5 48. Ke2 Bd4 49. Kd3 Be5 50. Rg1 Kh6 51. Rg5 Bf6 52. Rg2 Kh5 53. Rh2 Bxh4 54. Kxc3 Kg4 55. Kd3 Bg3 56. Rh6 Kg5 57. Rh3 Be5 58. Ke2 Kg4 59. Re3 Kf4 60. Rf3+ Ke4 61. Rd3 g5 62. Rd1 g4 63. Kf2 f4 64. Kg2 Bd4 65. Re1+ Kxd5 66. Re8 Be5 67. Rg8 g3 68. Kf3 Kd4 69. Rd8 Kd3 70. Rd7 Kd2 71. Ra7 Kd3 72. Ra3+ Kd4 73. Ra4+ Kd5 74. Ra5+ Ke6 75. Ra8 d5 76. Re8+ Kd6 77. Rd8+ Kc5 78. Ra8 Kd4 79. Ra4+ Kc5 80. Ra5+ Kc4 81. Ra4+ Kb5 82. Ra8 Bd6 83. Rd8 Kc5 84. Rc8+ Kd4 85. Ra8 Ke5 86. Re8+ Kf5 87. Rf8+ Bxf8 0-1


[Site "https://www.chess.com"]

[Event "Titled Tuesday Blitz January 03 Early 2023"]
[White "Eisa Mohmood, Alkhoori"]
[Black "Borrmann, Laurenz"]
[WhiteFideId "9316116"]
[BlackFideId "312187930"]
[WhiteElo "1095"]
[BlackElo "2304"]
[Result "0-1"]
[Round "03"]
[TimeControl "180+2"]
[Date "2023.01.03"]
[WhiteClock "0:00:10"]
[BlackClock "0:00:23"]

1. d4 Nf6 2. g3 d5 3. Bg2 c5 4. Nf3 cxd4 5. Nxd4 e5 6. Nb3 Be6 7. Nc3 Nc6 8. Bg5 d4 9. Ne4 Be7 10. Bxf6 gxf6 11. O-O Bd5 12. c3 f5 13. Nec5 Bxg2 14. Kxg2 Bxc5 15. Nxc5 Qd5+ 16. e4 Qxc5 17. exf5 dxc3 18. bxc3 Qxc3 19. Rb1 Qd4 20. Qh5 Qe4+ 21. Kg1 Nd4 22. f3 Qxf5 23. Qh6 O-O-O 24. a4 Nxf3+ 25. Kg2 e4 26. Qe3 Kb8 27. a5 Rd2+ 28. Qe2 Rxe2+ 0-1


[Site "https://www.chess.com"]

[Event "Titled Tuesday Blitz January 03 Early 2023"]
[White "Indjic, Aleksandar"]
[Black "Sreyas Payyappat"]
[WhiteFideId "911925"]
[BlackFideId "46674969"]
[WhiteElo "2618"]
[BlackElo "2076"]
[Result "1-0"]
[Round "03"]
[TimeControl "180+2"]
[Date "2023.01.03"]
[WhiteClock "0:02:38"]
[BlackClock "0:01:30"]

1. e4 c5 2. Nf3 d6 3. d4 cxd4 4. Nxd4 Nf6 5. Nc3 a6 6. Bc4 e5 7. Nf5 Nc6 8. Bg5 Be6 9. Bb3 Bxf5 10. exf5 Nd4 11. g4 h6 12. Bxf6 gxf6 13. Nd5 b5 14. c3 Nxb3 15. axb3 Bg7 16. Qf3 O-O 17. Qe4 a5 18. h4 Rc8 19. g5 fxg5 20. hxg5 Qxg5 21. Ke2 h5 22. Rag1 Qh6 23. f6 1-0


[Site "https://www.chess.com"]